TOP OF THE 1ST |
Mississippi Rebels batting - Pitching for Villanova Wildcats : RHP Dan Jones
|
Pitching: RHP Dan Jones
|
|
Batting: RHB Rafael Gonzáles
|
0-0: Called Strike 0-1: Foul Ball, location: 2F 0-2: Ball 1-2: Foul Ball, location: 2F 1-2: Ball 2-2: Foul Ball, location: 2F 2-2: Strikes out looking
|
Batting: LHB Ryan Miller
|
0-0: Ball 1-0: Called Strike 1-1: Ground out 4-3 (Groundball, 4)
|
Batting: RHB Lou Hammond
|
0-0: Called Strike 0-1: Swinging Strike 0-2: Ball 1-2: Ground out 5-3 (Groundball, 56)
|
Top of the 1st over - 0 run(s), 0 hit(s), 0 error(s), 0 left on base; Mississippi 0 - Villanova 0 |
BOTTOM OF THE 1ST |
Villanova Wildcats batting - Pitching for Mississippi Rebels : RHP Mike Gordon
|
Pitching: RHP Mike Gordon
|
|
Batting: RHB Juan Romero
|
0-0: Foul Ball, location: 2F 0-1: DOUBLE (Flyball, 78M)
|
Batting: SHB Will Combs
|
0-0: Called Strike 0-1: Ball 1-1: Called Strike 1-2: Ball 2-2: Strikes out swinging
|
Batting: RHB Robbie Anderson
|
0-0: Swinging Strike 0-1: 2-RUN HOME RUN (Flyball, 9D), Distance : 344 ft
|
Batting: RHB Steve Smith
|
0-0: Called Strike 0-1: Called Strike 0-2: Strikes out swinging
|
Batting: RHB Jonathan Davis
|
0-0: Foul Ball, location: 2F 0-1: Swinging Strike 0-2: Ball 1-2: Ball 2-2: Foul Ball, location: 2F 2-2: Strikes out swinging
|
Bottom of the 1st over - 2 run(s), 2 hit(s), 0 error(s), 0 left on base; Mississippi 0 - Villanova 2 |
TOP OF THE 2ND |
Mississippi Rebels batting - Pitching for Villanova Wildcats : RHP Dan Jones
|
Batting: RHB Jason McIntosh
|
0-0: Called Strike 0-1: Fly out, F9 (Flyball, 9LD)
|
Batting: RHB Simon Lee
|
0-0: Ball 1-0: Ball 2-0: Called Strike 2-1: Called Strike 2-2: Strikes out swinging
|
Batting: RHB Leonard Martínez
|
0-0: Called Strike 0-1: Ball 1-1: Ball 2-1: Called Strike 2-2: Ball 3-2: Base on Balls
|
Batting: RHB Warren Owens
|
0-0: Called Strike 0-1: Ball 1-1: Foul Ball, location: 2F 1-2: Ball 2-2: Strikes out swinging
|
Top of the 2nd over - 0 run(s), 0 hit(s), 0 error(s), 1 left on base; Mississippi 0 - Villanova 2 |
BOTTOM OF THE 2ND |
Villanova Wildcats batting - Pitching for Mississippi Rebels : RHP Mike Gordon
|
Batting: RHB Heath Hall
|
0-0: Ball 1-0: Reached on error, E5 (Groundball, 56S)
|
Batting: RHB Jason Smith
|
0-0: Called Strike 0-1: Fly out, F9 (Flyball, 9S)
|
Batting: RHB Martín Flores
|
0-0: Fly out, F7 (Flyball, 7S)
|
Batting: RHB Reynaldo Gómez
|
0-0: Ball 1-0: Foul Ball, location: 2F 1-1: Swinging Strike 1-2: Ball 2-2: Strikes out looking
|
Bottom of the 2nd over - 0 run(s), 0 hit(s), 1 error(s), 1 left on base; Mississippi 0 - Villanova 2 |
TOP OF THE 3RD |
Mississippi Rebels batting - Pitching for Villanova Wildcats : RHP Dan Jones
|
Batting: SHB Jack Hendrix
|
0-0: Ball 1-0: Ball 2-0: Fly out, F6 (Line Drive, 6)
|
Batting: RHB Owen Parra
|
0-0: Ball 1-0: Ball 2-0: Called Strike 2-1: Swinging Strike 2-2: Foul Ball, location: 2F 2-2: Ball 3-2: Ground out 4-3 (Groundball, 4)
|
Batting: RHB Rafael Gonzáles
|
0-0: Ball 1-0: Called Strike 1-1: Swinging Strike 1-2: Ball 2-2: Ball 3-2: SINGLE (Groundball, 6MD)
|
Batting: LHB Ryan Miller
|
0-0: Ball 1-0: Called Strike Rafael Gonzáles steals 2nd base 1-1: Foul Ball, location: 2F 1-2: Ground out 4-3 (Groundball, 4)
|
Top of the 3rd over - 0 run(s), 1 hit(s), 0 error(s), 1 left on base; Mississippi 0 - Villanova 2 |
BOTTOM OF THE 3RD |
Villanova Wildcats batting - Pitching for Mississippi Rebels : RHP Mike Gordon
|
Batting: RHB Juan Romero
|
0-0: Called Strike 0-1: Foul Ball, location: 2F 0-2: Ball 1-2: Ground out 3-1 (Groundball, 34)
|
Batting: SHB Will Combs
|
0-0: Fly out, F9 (Flyball, 89S)
|
Batting: RHB Robbie Anderson
|
0-0: Called Strike 0-1: Ball 1-1: Foul Ball, location: 2F 1-2: SINGLE (Popup, 4MD)
|
Batting: RHB Steve Smith
|
0-0: Ball 1-0: Ball 2-0: Ball 3-0: Called Strike 3-1: Called Strike 3-2: SINGLE (Line Drive, 8LS) Robbie Anderson to second Robbie Anderson to third
|
Batting: RHB Jonathan Davis
|
0-0: Ball 1-0: Foul Ball, location: 2F 1-1: Ground out 4-3 (Groundball, 34)
|
Bottom of the 3rd over - 0 run(s), 2 hit(s), 0 error(s), 2 left on base; Mississippi 0 - Villanova 2 |
TOP OF THE 4TH |
Mississippi Rebels batting - Pitching for Villanova Wildcats : RHP Dan Jones
|
Batting: RHB Lou Hammond
|
0-0: Ball 1-0: Foul Ball, location: 2F 1-1: Swinging Strike 1-2: Strikes out swinging
|
Batting: RHB Jason McIntosh
|
0-0: Ball 1-0: Foul Ball, location: 2F 1-1: Swinging Strike 1-2: Foul Ball, location: 2F 1-2: Strikes out looking
|
Batting: RHB Simon Lee
|
0-0: Ball 1-0: Foul Ball, location: 2F 1-1: Called Strike 1-2: Strikes out swinging
|
Top of the 4th over - 0 run(s), 0 hit(s), 0 error(s), 0 left on base; Mississippi 0 - Villanova 2 |
BOTTOM OF THE 4TH |
Villanova Wildcats batting - Pitching for Mississippi Rebels : RHP Mike Gordon
|
Batting: RHB Heath Hall
|
0-0: Called Strike 0-1: Foul Ball, location: 2F 0-2: Foul Ball, location: 2F 0-2: Ball 1-2: SINGLE (Groundball, 4D)
|
Batting: RHB Jason Smith
|
0-0: Foul Ball, location: 2F 0-1: Ball 1-1: SINGLE (Groundball, 56D) Heath Hall to second
|
Batting: RHB Martín Flores
|
0-0: Ball 1-0: Called Strike 1-1: DOUBLE (Line Drive, 7) Heath Hall scores Jason Smith to third
|
Batting: RHB Reynaldo Gómez
|
0-0: Ball 1-0: Ball 2-0: Ball 3-0: Base on Balls
|
Batting: RHB Juan Romero
|
0-0: Ball 1-0: Called Strike 1-1: Foul Ball, location: 2F 1-2: Ball 2-2: Ball 3-2: Foul Ball, location: 2F 3-2: Strikes out swinging
|
Pitching: RHP Jake Seals
|
|
Batting: SHB Will Combs
|
0-0: Swinging Strike 0-1: Swinging Strike 0-2: Ball 1-2: Ball 2-2: Ball 3-2: Foul Ball, location: 2F 3-2: Base on Balls Jason Smith scores Martín Flores to third Reynaldo Gómez to second
|
Batting: RHB Robbie Anderson
|
0-0: Called Strike 0-1: Ball 1-1: Called Strike 1-2: Fly out, F9 (Flyball, 9S)
|
Batting: RHB Steve Smith
|
0-0: Fielders Choice at 2nd, 6-4 (Groundball, 56)
|
Bottom of the 4th over - 2 run(s), 3 hit(s), 0 error(s), 2 left on base; Mississippi 0 - Villanova 4 |
TOP OF THE 5TH |
Mississippi Rebels batting - Pitching for Villanova Wildcats : RHP Dan Jones
|
Batting: RHB Leonard Martínez
|
0-0: Ball 1-0: Ground out 1-3 (Groundball, 15S)
|
Batting: RHB Warren Owens
|
0-0: SINGLE (Groundball, 34D)
|
Batting: SHB Jack Hendrix
|
0-0: Ball 1-0: Ball 2-0: Called Strike 2-1: Fly out, F7 (Flyball, 78M)
|
Batting: RHB Owen Parra
|
0-0: Ball 1-0: Ball 2-0: Swinging Strike 2-1: Swinging Strike 2-2: Strikes out looking
|
Top of the 5th over - 0 run(s), 1 hit(s), 0 error(s), 1 left on base; Mississippi 0 - Villanova 4 |
BOTTOM OF THE 5TH |
Villanova Wildcats batting - Pitching for Mississippi Rebels : RHP Jake Seals
|
Batting: RHB Jonathan Davis
|
0-0: Ball 1-0: Foul Ball, location: 2F 1-1: SINGLE (Groundball, 6MD)
|
Batting: RHB Heath Hall
|
0-0: Called Strike 0-1: Swinging Strike 0-2: Strikes out swinging
|
Batting: RHB Jason Smith
|
0-0: Called Strike 0-1: Ball 1-1: Fly out, F9 (Flyball, 9S)
|
Batting: RHB Martín Flores
|
0-0: Foul Ball, location: 2F 0-1: Ball 1-1: Foul Ball, location: 2F 1-2: Ball 2-2: Foul Ball, location: 2F 2-2: Fielders Choice at 2nd, 6-4 (Groundball, 6)
|
Bottom of the 5th over - 0 run(s), 1 hit(s), 0 error(s), 0 left on base; Mississippi 0 - Villanova 4 |
TOP OF THE 6TH |
Mississippi Rebels batting - Pitching for Villanova Wildcats : RHP Dan Jones
|
Batting: RHB Rafael Gonzáles
|
0-0: Ball 1-0: Foul Ball, location: 2F 1-1: Fly out, F4 (Popup, 34)
|
Pitching: LHP Anthony Lewis
|
|
Batting: LHB Ryan Miller
|
0-0: Called Strike 0-1: Ball 1-1: Ball 2-1: Foul Ball, location: 2F 2-2: Ground out U3 (Groundball, 34)
|
Batting: RHB Lou Hammond
|
0-0: Called Strike 0-1: Ball 1-1: Swinging Strike 1-2: Ball 2-2: Foul Ball, location: 2F 2-2: DOUBLE (Line Drive, 78D)
|
Batting: RHB Jason McIntosh
|
0-0: Called Strike 0-1: Ball 1-1: Foul Ball, location: 2F 1-2: Ball 2-2: Strikes out looking
|
Top of the 6th over - 0 run(s), 1 hit(s), 0 error(s), 1 left on base; Mississippi 0 - Villanova 4 |
BOTTOM OF THE 6TH |
Villanova Wildcats batting - Pitching for Mississippi Rebels : RHP Jake Seals
|
Batting: RHB Reynaldo Gómez
|
0-0: Ball 1-0: TRIPLE (Flyball, 8LD)
|
Batting: RHB Juan Romero
|
0-0: Intentional Walk
|
Batting: SHB Will Combs
|
0-0: Called Strike 0-1: Swinging Strike 0-2: Ball Wild Pitch! Reynaldo Gómez scores Juan Romero to second 1-2: Ground out 5-3 (Groundball, 56S) Juan Romero to third
|
Batting: RHB Robbie Anderson
|
0-0: Fly out, F8 (Flyball, 8LM) Runner from 3rd tags up, SCORES, no throw
|
Batting: RHB Steve Smith
|
0-0: Ball 1-0: Called Strike 1-1: Foul Ball, location: 2F 1-2: Ball 2-2: Strikes out swinging
|
Bottom of the 6th over - 2 run(s), 1 hit(s), 0 error(s), 0 left on base; Mississippi 0 - Villanova 6 |
TOP OF THE 7TH |
Mississippi Rebels batting - Pitching for Villanova Wildcats : LHP Anthony Lewis
|
Batting: RHB Simon Lee
|
0-0: Ball 1-0: Called Strike 1-1: Swinging Strike 1-2: SINGLE (Groundball, 34S) (infield hit)
|
Batting: RHB Leonard Martínez
|
0-0: Ball 1-0: Ball 2-0: Swinging Strike 2-1: Swinging Strike 2-2: Ball 3-2: Fly out, F5 (Line Drive, 5L)
|
Batting: RHB Warren Owens
|
0-0: Foul Ball, location: 2F 0-1: Fly out, F8 (Flyball, 8RS)
|
Batting: SHB Jack Hendrix
|
0-0: Ball 1-0: Swinging Strike 1-1: Ball 2-1: Foul Ball, location: 2F 2-2: DOUBLE (Flyball, 78M) Simon Lee to third
|
Batting: RHB Owen Parra
|
0-0: Ball 1-0: Fly out, F8 (Flyball, 8LM)
|
Top of the 7th over - 0 run(s), 2 hit(s), 0 error(s), 2 left on base; Mississippi 0 - Villanova 6 |
BOTTOM OF THE 7TH |
Villanova Wildcats batting - Pitching for Mississippi Rebels : RHP Jake Seals
|
Batting: RHB Jonathan Davis
|
0-0: Ball 1-0: Ball 2-0: SINGLE (Line Drive, 7S)
|
Pitching: RHP Ken Crawford
|
|
Batting: RHB Heath Hall
|
0-0: Ball 1-0: Ball 2-0: Ball 3-0: Called Strike 3-1: Foul Ball, location: 2F 3-2: Foul Ball, location: 2F 3-2: Foul Ball, location: 2F 3-2: Base on Balls Jonathan Davis to second
|
Batting: RHB Jason Smith
|
0-0: Called Strike 0-1: Hit by Pitch Jonathan Davis to third Heath Hall to second
|
Batting: RHB Martín Flores
|
0-0: Called Strike 0-1: Swinging Strike 0-2: Strikes out swinging
|
Batting: RHB Reynaldo Gómez
|
0-0: Called Strike 0-1: Ball 1-1: Swinging Strike 1-2: Foul Ball, location: 2F 1-2: SINGLE (Line Drive, 9S) Jonathan Davis scores Heath Hall to third Jason Smith to second Runner from 3rd tries for Home, SAFE, no throw
|
Batting: RHB Juan Romero
|
0-0: Ball 1-0: Called Strike Jason Smith steals 3rd base Reynaldo Gómez to second 1-1: Ball 2-1: Ground out 6-3 (Groundball, 6S) Jason Smith scores Reynaldo Gómez to third
|
Batting: SHB Will Combs
|
0-0: Fly out, F7 (Flyball, 78S)
|
Bottom of the 7th over - 3 run(s), 2 hit(s), 0 error(s), 1 left on base; Mississippi 0 - Villanova 9 |
TOP OF THE 8TH |
Mississippi Rebels batting - Pitching for Villanova Wildcats : LHP Anthony Lewis
|
Batting: RHB Rafael Gonzáles
|
0-0: Ball 1-0: Foul Ball, location: 2F 1-1: Called Strike 1-2: Foul Ball, location: 2F 1-2: Strikes out swinging
|
Batting: LHB Ryan Miller
|
0-0: Foul Ball, location: 2F 0-1: Called Strike 0-2: Ball 1-2: Ball 2-2: DOUBLE (Flyball, 78D)
|
Batting: RHB Lou Hammond
|
0-0: Ball 1-0: Called Strike 1-1: Swinging Strike 1-2: Ball 2-2: Foul Ball, location: 2F 2-2: TRIPLE (Flyball, 89D) Ryan Miller scores
|
Pitching: RHP Felipe Pacheco
|
|
Batting: RHB Jason McIntosh
|
0-0: Ball 1-0: Foul Ball, location: 2F 1-1: Ground out 6-3 (Groundball, 56) Lou Hammond scores
|
Batting: RHB Simon Lee
|
0-0: Ball 1-0: Fly out, F2 (Popup, 34S)
|
Top of the 8th over - 2 run(s), 2 hit(s), 0 error(s), 0 left on base; Mississippi 2 - Villanova 9 |
BOTTOM OF THE 8TH |
Villanova Wildcats batting - Pitching for Mississippi Rebels : RHP Ken Crawford
|
Batting: RHB Robbie Anderson
|
0-0: Swinging Strike 0-1: Foul Ball, location: 2F 0-2: Foul Ball, location: 2F 0-2: Foul Ball, location: 2F 0-2: Strikes out swinging
|
Batting: RHB Steve Smith
|
0-0: Ground out 5-3 (Groundball, 56)
|
Batting: RHB Jonathan Davis
|
0-0: Foul Ball, location: 2F 0-1: Swinging Strike 0-2: Strikes out swinging
|
Bottom of the 8th over - 0 run(s), 0 hit(s), 0 error(s), 0 left on base; Mississippi 2 - Villanova 9 |
TOP OF THE 9TH |
Mississippi Rebels batting - Pitching for Villanova Wildcats : RHP Felipe Pacheco
|
Batting: RHB Leonard Martínez
|
0-0: Called Strike 0-1: Swinging Strike 0-2: Ball 1-2: SINGLE (Groundball, 56D)
|
Batting: RHB Warren Owens
|
0-0: Foul Ball, location: 2F 0-1: Ball 1-1: Called Strike 1-2: Ball 2-2: Fly out, F3 (Popup, 34)
|
Batting: SHB Jack Hendrix
|
0-0: DOUBLE (Groundball, 3L) Leonard Martínez to third
|
Batting: RHB Owen Parra
|
0-0: Called Strike 0-1: Swinging Strike 0-2: Ball 1-2: Fly out, F7 (Flyball, 78M) Throwing error, E7 Leonard Martínez scores Jack Hendrix to third
|
Batting: RHB Rafael Gonzáles
|
0-0: Called Strike 0-1: Ground out 5-3 (Groundball, 5L)
|
Top of the 9th over - 1 run(s), 2 hit(s), 1 error(s), 1 left on base; Mississippi 3 - Villanova 9 |
|